 Dungeon Crawl Stone Soup version 0.30-a0-313-gae38170b09 (webtiles) character file.

Game seed: 7803120253435532475

3050 koil the Ducker (level 9, -3/46 HPs)
             Began as a Spriggan Hunter on Oct 26, 2022.
             Was a Follower of Kikubaaqudgha.
             Slain by a killer bee (5 damage)
             ... on level 9 of the Dungeon.
             The game lasted 00:25:38 (7582 turns).

koil the Ducker (Spriggan Hunter)                   Turns: 7582, Time: 00:25:39

Health: -3/46      AC:  5    Str:  6    XL:     9   Next: 57%
Magic:  19/19      EV: 28    Int: 15    God:    Kikubaaqudgha [*.....]
Gold:   397        SH:  0    Dex: 33    Spells: 12/21 levels left

rFire   . . .      SeeInvis +    a - +1 shortbow
rCold   . . .      Faith    .    (shield currently unavailable)
rNeg    + . .      Spirit   .    o - +0 robe {rN+}
rPois   .          Reflect  .    (helmet restricted)
rElec   .          Harm     .    b - +2 cloak {Will+}
rCorr   .          Rampage  .    (gloves unavailable)
Will    ++...                    (boots unavailable)
Stlth   +++++.....               M - amulet of magic regeneration
HPRegen 0.27/turn                f - +6 ring of dexterity
MPRegen 0.56/turn                P - +6 ring of dexterity

@: lethally poisoned (-3 -> -5), very quick
A: very small, no large weapons, unfitting armour, see invisible, speed 3,
clever 1, subdued magic 1
a: Renounce Religion, Unearth Wretches


You were on level 9 of the Dungeon.
You worshipped Kikubaaqudgha.
Kikubaaqudgha was aware of your devotion.
You visited 2 branches of the dungeon, and saw 10 of its levels.

You collected 487 gold pieces.
You spent 90 gold pieces at shops.

Inventory:

Hand Weapons
 a - a +1 shortbow (weapon)
 L - the +4 flail of Ujuhead {flame, Will+}
   (You found it on level 6 of the Dungeon)

   It burns those it strikes, dealing additional fire damage.
   Will:      It increases your willpower.
 S - a +0 short sword of draining
Missiles
 T - 2 curare-tipped darts
 U - a throwing net
 X - 14 poisoned darts
Armour
 b - a +2 cloak of willpower (worn)
 o - a +0 robe of positive energy (worn)
 u - a +0 robe
Jewellery
 f - a +6 ring of dexterity (left hand)
 h - a +4 ring of evasion
 k - a ring of protection from fire
 M - an amulet of magic regeneration (around neck)
 P - a +6 ring of dexterity (right hand)
 R - a +4 ring of evasion
Wands
 C - a wand of quicksilver (6)
 F - a wand of mindburst (8)
 J - a wand of flame (28)
Scrolls
 c - a scroll of enchant armour {unknown}
 e - 2 scrolls of identify
 g - 3 scrolls of vulnerability
 i - a scroll of blinking
 j - 2 scrolls of magic mapping
 s - 10 scrolls of teleportation
 K - a scroll of immolation
Potions
 d - a potion of heal wounds
 l - a potion of invisibility
 m - 2 potions of magic
 n - 2 potions of lignification
 p - 2 potions of cancellation
 q - 2 potions of brilliance
 r - 2 potions of curing
 t - a potion of degeneration {unknown}
 D - 2 potions of might
 H - a potion of resistance
 I - 2 potions of haste


   Skills:
 + Level 4.9 Fighting
 + Level 6.9 Ranged Weapons
 + Level 7.8 Dodging
 - Level 7.0 Stealth
 + Level 6.6 Spellcasting
 + Level 3.5 Necromancy
 + Level 3.6 Poison Magic


You had 12 spell levels left.
You knew the following spells:

 Your Spells              Type           Power      Damage    Failure   Level
a - Cigotuvi's Dreadful   Necr/Pois/Air  18%        N/A       6%          2
b - Animate Dead          Necr           12%        N/A       28%         4
c - Ignite Poison         Fire/Tmut/Pois 6%         N/A       22%         3

Your spell library contained the following spells:

 Spells                   Type           Power      Damage    Failure   Level
 Necrotise                Necr           48%        1d6       2%          1
 Kiss of Death            Conj/Necr      28%        2d7       5%          1
 Vampiric Draining        Necr           12%        2d6       8%          3
 Dispel Undead            Necr           12%        3d9       28%         4
 Gell's Gravitas          Tloc           3%         N/A       34%         3
 Kindle Blastsparks       Fire/Tloc/Air  6%         2d10      34%         3
 Lesser Beckoning         Tloc           6%         N/A       34%         3
 Teleport Other           Tloc           3%         N/A       34%         3
 Freezing Cloud           Conj/Ice/Air   1%         6-21      98%         5
 Death Channel            Necr           6%         N/A       99%         6


Dungeon Overview and Level Annotations

Branches:
Dungeon (9/15)             Temple (1/1) D:7
   Lair: D:8-11         Orc: D:9-12

Altars:
Ashenzari
Cheibriados
Dithmenos
Elyvilon
Fedhas
Gozag
Hepliaklqana
Kikubaaqudgha
Makhleb
Nemelex Xobeh
Okawaru
Qazlal
Ru
Sif Muna
Trog
Uskayaw
Vehumet
Wu Jian
Xom
Yredelemnul
Zin
The Shining One

Shops:
D:3 *   D:6 :


Innate Abilities, Weirdness & Mutations

You are very small and have problems with some larger weapons.
You are too small for most types of armour.
You have supernaturally acute eyesight. (SInv)
You cover ground extremely quickly. (Speed+++)
Your mind is acute. (Int +4, Str/Dex -1)
Your spells are a little easier to cast, but a little less powerful.


Message History

* * * LOW HITPOINT WARNING * * *
You are more poisoned.
The killer bee poisons you! The killer bee barely misses you.
The killer bee completely misses you. The killer bee barely misses you.
The killer bee misses you. The killer bee completely misses you.
The killer bee closely misses you. The killer bee stings you.
* * * LOW HITPOINT WARNING * * *
You feel much better.
You feel very sick. The killer bee closely misses you.
The killer bee stings you.
You are more poisoned.
The killer bee poisons you! The killer bee barely misses you.
The killer bee misses you. The killer bee completely misses you.
The killer bee closely misses you. x2; The killer bee misses you.
Casting: Cigotuvi's Dreadful Rot (safe; 6% risk of failure)
Confirm with . or Enter, or press ? or * to list all spells.
Okay, then.
Blink to where?
Press: ? - help, Dir - move target, p - killer bee
As you read the scroll of blinking, it crumbles to dust.
You feel very sick. The killer bee barely misses you. x2
You feel sick.
The killer bee attacks as you move away!
The killer bee misses you.
Found a potion of curing.
You feel sick.
You feel sick.
You feel sick. The killer bee completely misses you.
You feel sick.
The killer bee attacks as you move away!
The killer bee completely misses you.
You feel sick.
You feel sick.
You shoot an arrow. The arrow misses the killer bee.
You feel sick. The killer bee misses you. x3
You shoot an arrow.
The arrow misses the killer bee. x2; You feel sick.
The killer bee completely misses you. The killer bee closely misses you.
The killer bee completely misses you. The killer bee stings you!
* * * LOW HITPOINT WARNING * * *
The killer bee stings you.
You die...
Kikubaaqudgha rasps: "You have failed me!
Welcome... death!"

#......#
#........####......
#.....y# #........
#...... #.....ยง#
#........ #......
#....yy####........
#......
#.....yyy..........
#......
#.........yyy......
#......
#......####yy####.
.(...#### #......#
#yy# .[....#
#......# #y@#
####..# #......#
#..# #..# .. #!.#
#.. . #..# #..#
#..# ####


You could see 8 killer bees.

Vanquished Creatures
  Grinder (D:3)
  A polar bear (D:8)
  Eustachio (D:6)
  A steam dragon (D:7)
  2 water moccasins
  2 ice beasts
  An orc warrior (D:8)
  2 sky beasts
  2 ogres (D:6)
  2 phantoms (D:5)
  3 kobold brigands
  3 bullfrogs
  A scorpion (D:5)
  5 howler monkeys
  An electric eel (D:8)
  A jelly (D:6)
  4 hounds
  3 iguanas
  9 orc wizards
  A centaur simulacrum (D:8)
  4 gnolls (D:7)
  6 adders
  3 white imps
  An ufetubus (D:6)
  2 worms
  3 dart slugs
  32 orcs
  7 ball pythons
  4 bats
  7 endoplasms
  2 giant cockroaches
  7 goblins
  7 hobgoblins
  4 jackals (D:1)
  16 kobolds
  4 quokkas
  5 frilled lizards
  7 rats
167 creatures vanquished.

Notes
Turn   | Place    | Note
-------+----------+-------------------------------------------
     0 | D:1      | koil the Spriggan Hunter began the quest for the Orb.
     0 | D:1      | Reached XP level 1. HP: 10/10 MP: 2/2
   135 | D:1      | Reached XP level 2. HP: 15/15 MP: 2/4
   236 | D:1      | Reached skill level 1 in Spellcasting
   409 | D:1      | Found a faded altar of an unknown god.
   468 | D:1      | Reached XP level 3. HP: 18/18 MP: 5/5
  1182 | D:2      | Reached XP level 4. HP: 16/23 MP: 7/7
  1719 | D:3      | Noticed Grinder
  1748 | D:3      | Paralysed by Grinder for 2 turns
  2002 | D:3      | Found Qowkaom's Assorted Antiques.
  2010 | D:3      | Bought a scroll labelled LATEHE FOBBO for 30 gold pieces
  2010 | D:3      | Bought 2 scrolls labelled JEKU ZASKUPHAC for 60 gold pieces
  2464 | D:3      | Paralysed by Grinder for 5 turns
  2468 | D:3      | HP: 1/23 [Grinder (2)]
  2500 | D:3      | Paralysed by Grinder for 2 turns
  2525 | D:3      | Killed Grinder
  2526 | D:3      | Reached XP level 5. HP: 13/27 MP: 8/10
  2526 | D:3      | Reached XP level 6. HP: 16/32 MP: 8/11
  2889 | D:4      | Found a white marble altar of Elyvilon.
  3173 | D:4      | Reached skill level 5 in Ranged Weapons
  3310 | D:5      | Entered Level 5 of the Dungeon
  3402 | D:5      | Noticed a water moccasin
  3470 | D:5      | Killed a water moccasin
  3471 | D:5      | Reached skill level 5 in Dodging
  3471 | D:5      | Reached skill level 5 in Stealth
  3471 | D:5      | Reached XP level 7. HP: 36/36 MP: 13/13
  3555 | D:5      | Found a broken altar of Ashenzari.
  4089 | D:6      | Learned a level 2 spell: Cigotuvi's Dreadful Rot
  4110 | D:6      | Reached XP level 8. HP: 42/42 MP: 16/16
  4123 | D:6      | Identified the +4 flail of Ujuhead {flame, Will+}
  4129 | D:6      | Found Hiraur's Book Emporium.
  4482 | D:6      | Reached skill level 5 in Spellcasting
  4482 | D:6      | Reached skill level 1 in Necromancy
  4482 | D:6      | Reached skill level 1 in Poison Magic
  4488 | D:6      | Noticed Eustachio
  4515 | D:6      | Killed Eustachio
  4640 | D:6      | Found a sacrificial altar of Ru.
  4970 | D:7      | Reached XP level 9. HP: 44/46 MP: 18/18
  5103 | D:7      | Found a shadowy altar of Dithmenos.
  5393 | D:7      | Found a staircase to the Ecumenical Temple.
  5883 | Temple   | Entered the Ecumenical Temple
  6005 | Temple   | Became a worshipper of Kikubaaqudgha
  6134 | Temple   | Identified a scroll of acquirement
  6134 | Temple   | Acquired a +2 cloak of willpower
  6166 | Temple   | Gained mutation: Your spells are a little harder to cast,
                  | but a little more powerful. [potion of mutation]
  6167 | Temple   | Lost mutation: Your spells are a little harder to cast, but
                  | a little more powerful. [potion of mutation]
  6167 | Temple   | Gained mutation: Your spells are a little easier to cast,
                  | but a little less powerful. [potion of mutation]
  6167 | Temple   | Gained mutation: Your mind is acute. (Int +4, Str/Dex -1)
                  | [potion of mutation]
  6648 | D:8      | Noticed a polar bear
  6693 | D:8      | Killed a polar bear
  6778 | D:8      | Reached * piety under Kikubaaqudgha
  6778 | D:8      | Received a gift from Kikubaaqudgha
  6799 | D:8      | Learned a level 4 spell: Animate Dead
  6829 | D:8      | Found a basalt altar of Yredelemnul.
  6829 | D:8      | Found a snail-covered altar of Cheibriados.
  6829 | D:8      | Found a glowing golden altar of the Shining One.
  6830 | D:8      | Found a glowing silver altar of Zin.
  6830 | D:8      | Found a blossoming altar of Fedhas.
  6833 | D:8      | Found an opulent altar of Gozag.
  6833 | D:8      | Found an iron altar of Okawaru.
  6834 | D:8      | Found a hide-covered altar of Uskayaw.
  7042 | D:8      | Learned a level 3 spell: Ignite Poison
  7524 | D:9      | Found a bloodstained altar of Trog.
  7571 | D:9      | HP: 2/46 [killer bee (1)]
  7582 | D:9      | HP: 2/46 [killer bee (8)]
  7582 | D:9      | Slain by a killer bee

Illustrated notes

Levels and vault maps discovered:
D:1:      dpeg_arrival_shrine, layout_loops_ring,
          chequers_ecumenical_altar_island, corner_web_ring, minmay_heptomino_d4
D:2:      minmay_razor_zed, layout_basic
D:3:      layout_basic, serial_shops, shop, serial_corexii_hall,
          chequers_hall_statues_y, corexii_hall_statues_x,
          chequers_hall_statues_y, corexii_hall_statues_l, uniq_grinder
D:4:      layout_loops_cross, elyvilon_altar_1
D:5:      layout_loops_ring, mainiacjoe_overflow_paths,
          chequers_serial_rivers_micro_e
D:6:      layout_basic, mainiacjoe_overflow_six_doors_small, serial_shops, shop,
          st_stairs_8, uniq_eustachio
D:7:      mumra_celtic_spiral_tile, layout_cave_pools, marbit_many_paths,
          minmay_temple_entry_nine_rooms
D:8:      layout_loops_corners, grunt_temple_overflow_open, serial_ice,
          serial_ice_n, serial_ice_f, serial_ice_m, serial_ice_b
D:9:      layout_small_grid, mainiacjoe_overflow_cross_hatched,
          erik_lair_dragon, gammafunk_ghost_spectres, chequers_avenue,
          uniq_maurice
Temple:   kb_temple_of_zot

Skill      XL: |  1  2  3  4  5  6  7  8  9 |
---------------+----------------------------+-----
Stealth        | 2 3 4 5 6 7 |  7.0
Dodging        | 3 4 5 7 |  7.8
Spellcasting   | 1 3 4 5 6 |  6.6
Fighting       | 2 3 4 |  4.9
Ranged Weapons | 5 6 |  6.9
Necromancy     | 2 3 |  3.5
Poison Magic   | 2 3 |  3.6

Action                   |  1- 3 |  4- 6 |  7- 9 || total
-------------------------+-------+-------+-------++-------
Melee: Dagger            |       |       |    19 ||    19
       Punch             |       |       |     1 ||     1
 Fire: Shortbow          |   107 |   116 |   391 ||   614
Invok: Unearth Wretches  |       |       |     1 ||     1
  Use: Scroll            |       |       |    16 ||    16
       Potion            |       |       |     7 ||     7
Armor: Robe              |     2 |     2 |    13 ||    17
Dodge: Dodged            |    27 |    19 |   387 ||   433

Table legend: (Time is in decaauts)
 A = Elapsed time spent in this place.
 B = Non-inter-level travel time spent in this place.
 C = Inter-level travel time spent in this place.
 D = Time resting spent in this place.
 E = Time spent auto-exploring this place.
 F = Levels seen in this place.
 G = Mean time per level.
                   A        B        C        D        E       F      G
               +--------+--------+--------+--------+--------+-----+--------+
         Total |   5385 |   5078 |    307 |    174 |   3544 |  10 |  538.5 |
       Dungeon |   5142 |   4873 |    269 |    150 |   3492 |   9 |  571.3 |
        Temple |    243 |    205 |     38 |     24 |     52 |   1 |  243.0 |
               +--------+--------+--------+--------+--------+-----+--------+

Top non-repeatable levels by time:
     D:7: 863 daAuts
     D:8: 856 daAuts
     D:3: 647 daAuts
     D:2: 625 daAuts
     D:6: 596 daAuts
     D:1: 536 daAuts
     D:4: 480 daAuts
     D:5: 431 daAuts
  Temple: 243 daAuts
     D:9: 104 daAuts
